 Dungeon Crawl Stone Soup version 0.30-a0-371-gad7725a93e (webtiles) character file.

Game seed: 12279488907673866167

123 MachoJfn the Firebug (level 4, -3/34 HPs)
             Began as a Draconian Fire Elementalist on Nov 21, 2022.
             Was an Initiate of Makhleb.
             Slain by a gnoll
             ... wielding a +0 halberd
              (9 damage)
             ... on level 3 of the Dungeon on Nov 22, 2022.
             The game lasted 00:13:42 (5808 turns).

MachoJfn the Firebug (Draconian Fire Elementalist)  Turns: 5808, Time: 00:13:43

Health: -3/34      AC:  6    Str: 16    XL:     4   Next: 79%
Magic:  8/8        EV: 10    Int: 24    God:    Makhleb [......]
Gold:   110        SH:  9    Dex: 11    Spells: 7/8 levels left

rFire   . . .      SeeInvis .    f - +0 spear
rCold   . . .      Faith    .    l - +2 kite shield
rNeg    . . .      Spirit   .    (body armour unavailable)
rPois   .          Reflect  .    (helmet restricted)
rElec   .          Harm     .    (no cloak)
rCorr   .          Rampage  .    b - +0 pair of gloves
Will    .....                    (no boots)
Stlth   ++........               (no amulet)
HPRegen 0.25/turn                k - +6 ring of intelligence
MPRegen 0.11/turn                e - +6 ring of strength

@: no status effects
A: AC +5, unfitting armour, cold-blooded
a: Renounce Religion


You were on level 3 of the Dungeon.
You worshipped Makhleb.
Makhleb was noncommittal.
You visited 1 branch of the dungeon, and saw 3 of its levels.

You collected 110 gold pieces.

Inventory:

Hand Weapons
 c - a +0 dagger
 f - a +0 spear (weapon)
Armour
 b - a +0 pair of gloves (worn)
 l - a +2 kite shield (worn)
Jewellery
 e - a +6 ring of strength (right hand)
 k - a +6 ring of intelligence (left hand)
Scrolls
 d - 2 scrolls of magic mapping
 g - a scroll of teleportation
 h - a scroll of poison
 i - 3 scrolls of identify
 j - a scroll of vulnerability
 m - a scroll of immolation {unknown}
Potions
 a - a potion of magic
 o - a potion of heal wounds {unknown}


   Skills:
 + Level 0.9 Fighting
 + Level 0.4 Polearms
 + Level 2.0 Dodging
 + Level 2.1 Stealth
 + Level 1.0 Shields
 + Level 0.9 Unarmed Combat
 + Level 2.7 Spellcasting
 + Level 1.9 Conjurations
 + Level 3.8 Fire Magic


You had 7 spell levels left.
You knew the following spells:

 Your Spells              Type           Power      Damage    Failure   Level
a - Foxfire               Conj/Fire      68%        2x1d7     12%         1

Your spell library contained the following spells:

 Spells                   Type           Power      Damage    Failure   Level
 Scorch                   Fire           42%        2d7       12%         2
 Inner Flame              Hex/Fire       12%        N/A       45%         3
 Kindle Blastsparks       Fire/Tloc/Air  18%        2d11      56%         3
 Flame Wave               Conj/Fire      17%        2d7       75%         4


Dungeon Overview and Level Annotations

Branches:
Dungeon (3/15)

Altars:
Makhleb

Annotations:
D:3 2 transporters


Innate Abilities, Weirdness & Mutations

Your plain brown scales are hard. (AC +5)
You cannot fit into any form of body armour.
You are cold-blooded and may be slowed by cold attacks.


Message History

You closely miss the adder.
Your tail-slap misses the adder.
The adder is moderately wounded.
You block the adder's attack. The orc closely misses you.
The adder barely misses you.
You hit the adder. You tail-slap the adder.
The adder is almost dead.
You block the orc's attack. The adder closely misses you.
The orc barely misses you. The gnoll misses you.
You hit the adder.
You kill the adder!
Makhleb accepts your kill. The gnoll barely misses you.
You block the orc's attack.
You closely miss the orc. You block the gnoll's attack.
You block the orc's attack. The hobgoblin barely misses you.
You closely miss the orc. The gnoll closely misses you.
The orc barely misses you. You block the hobgoblin's attack.
You hit the orc.
Your tail-slap misses the orc.
The orc is severely wounded.
The gnoll hits you from afar with a +0 halberd!
You block the hobgoblin's attack. You block the orc's attack. x2
The gnoll closely misses you. The hobgoblin completely misses you.
A rat comes into view.
You hit the orc.
You kill the orc!
Makhleb accepts your kill.
The hobgoblin hits you but does no damage.
The gnoll hits you from afar with a +0 halberd!
Your Shields skill increases to level 1!
The hobgoblin misses you. The gnoll barely misses you.
Items here: ( )) ††.
The hobgoblin hits you. The gnoll hits you but does no damage.
You closely miss the hobgoblin. The hobgoblin hits you.
* * * LOW HITPOINT WARNING * * *
The gnoll hits you from afar with a +0 halberd.
* * * LOW HITPOINT WARNING * * *
You hit the hobgoblin.
The hobgoblin is heavily wounded.
The hobgoblin misses you.
The gnoll hits you from afar with a +0 halberd!
You die...

...). ........... .....
.......... .....##
#........ #
....).#####)..# ...#
#####.##...)..###.#.#
.#P8#......#†...#...#
≈#.P#.##.###.._.#.#.#$#.
.#..#..#.# #............
.+/©#©...#.#.#.)@##...#
.#..#..<...#.##g.# .#
≈#.P#.##.#.#.#.g#...
o#P8#.##.# #...r...##
#####.#..# ......#.#
......#............#
........##.....#....
.######.###.... ..##.
..# ...


You could see a gnoll, a hobgoblin and a rat.

Vanquished Creatures
  An orc wizard (D:3)
  3 adders
  A worm (D:2)
  A dart slug (D:2)
  4 orcs (D:3)
  3 bats
  10 endoplasms
  A giant cockroach (D:3)
  4 goblins
  5 hobgoblins
  6 quokkas
  5 ball pythons
  2 frilled lizards (D:2)
  9 kobolds
  3 rats
  A bush (D:3)
59 creatures vanquished.

Vanquished Creatures (collateral kills)
  11 foxfires (D:3)
11 creatures vanquished.

Vanquished Creatures (others)
  130 foxfires
  2 plants (D:3)
132 creatures vanquished.

Grand Total: 202 creatures vanquished

Notes
Turn   | Place    | Note
-------+----------+-------------------------------------------
     0 | D:1      | MachoJfn the Draconian Fire Elementalist began the quest
                  | for the Orb.
     0 | D:1      | Reached XP level 1. HP: 14/14 MP: 3/3
   470 | D:1      | Reached XP level 2. HP: 20/20 MP: 1/5
  1566 | D:1      | You fall into a shaft and drop 1 floor!
  2014 | D:2      | Reached XP level 3. HP: 27/27 MP: 2/6
  3599 | D:2      | Reached XP level 4. HP: 34/34 MP: 4/7
  5495 | D:3      | Found a transporter.
  5517 | D:3      | Noticed a kobold demonologist
  5535 | D:3      | Found a transporter.
  5574 | D:3      | Found a burning altar of Makhleb.
  5784 | D:3      | Became a worshipper of Makhleb the Destroyer
  5805 | D:3      | Reached skill level 1 in Shields
  5808 | D:3      | Slain by a gnoll

Illustrated notes

Levels and vault maps discovered:
D:1:      amcnicky_arrival_single_pillar, layout_basic, serial_curves,
          eino_curves_03, eino_curves_03, eino_curves_04
D:2:      layout_loops_ring
D:3:      gammafunk_wand_slinger, layout_basic, bloody_makhleb, serial_forest,
          infiniplex_forest_lined_3, infiniplex_forest_straight_3,
          infiniplex_forest_side_room, infiniplex_forest_straight_2,
          infiniplex_forest_clump_small, infiniplex_forest_zigzag_1,
          infiniplex_forest_end_double, minmay_fractal_squares_5

Skill      XL: |  1  2  3  4 |
---------------+-------------+-----
Dodging        | 2 |  2.0
Stealth        | 2 |  2.1
Shields        | 1 |  1.0
Fighting       | |  0.9
Polearms       | |  0.4
Unarmed Combat | |  0.9
Spellcasting   | |  2.7
Conjurations   | |  1.9
Fire Magic     | |  3.8

Action                   |  1- 3 |  4- 6 || total
-------------------------+-------+-------++-------
Melee: Dagger            |     8 |       ||     8
       Unarmed           |     5 |       ||     5
       Spear             |    68 |   268 ||   336
       Tailslap          |     7 |    64 ||    71
 Cast: Foxfire           |    62 |    37 ||    99
  Use: Scroll            |     7 |       ||     7
       Potion            |     1 |     1 ||     2
 Stab: Sleeping          |     4 |       ||     4
Armor: Skin              |    27 |    41 ||    68
Dodge: Dodged            |    60 |    49 ||   109
Block: Kite shield       |     7 |    44 ||    51

Table legend: (Time is in decaauts)
 A = Elapsed time spent in this place.
 B = Non-inter-level travel time spent in this place.
 C = Inter-level travel time spent in this place.
 D = Time resting spent in this place.
 E = Time spent auto-exploring this place.
 F = Levels seen in this place.
 G = Mean time per level.
                   A        B        C        D        E       F      G
               +--------+--------+--------+--------+--------+-----+--------+
         Total |   5903 |   5364 |    539 |   3097 |   1331 |   3 | 1967.7 |
       Dungeon |   5903 |   5364 |    539 |   3097 |   1331 |   3 | 1967.7 |
               +--------+--------+--------+--------+--------+-----+--------+

Top non-repeatable levels by time:
     D:2: 2535 daAuts
     D:1: 2006 daAuts
     D:3: 1361 daAuts
